AoeStats
← Godo Suller

Arabia

504489209Analyzed
3v3 RM · 28d ago on Sep 5, 2026· 39m 25s· 6 players
Game mode
Random Map
Map size
Normal (6 player)
Population
200
Speed
Normal
Resources
Standard
Victory
Conquest
Starting age
Dark Age
Ending age
Imperial Age
RankedLock teamsTeams togetherTeam positionsShared explorationLock speedFull tech treeHidden civsTurbo modeCheats
Victory
Defeat
🇦🇷 Saracens · Argentina
1391
+14
🇭🇺 Ethiopians · Hungary
1377
+15
🇦🇷 Magyars · Argentina
1316
+17
🇹🇼 Ethiopians · Taiwan
1459
-20
🇹🇼 Vikings · Taiwan
1363
-16
🇹🇼 Persians · Taiwan
1222
-10
大漁哥哥
7:18 Loom
9:32 Feudal Age
10:29 Double-Bit Axe
14:55 Fletching
16:14 Padded Archer Armor
19:13 Gold Mining
24:33 Castle Age
24:36 Crossbowman
25:28 Bow Saw
25:50 Bodkin Arrow
30:02 Ballistics
31:27 Horse Collar
34:46 Wheelbarrow
35:13 Thumb Ring
38:57 Hand Cart
989
6:35 Loom
9:18 Feudal Age
9:49 Double-Bit Axe
13:06 Fletching
17:03 Padded Archer Armor
22:13 Gold Mining
22:08 Horse Collar
25:04 Castle Age
24:48 Fishing Lines
25:08 Crossbowman
25:44 Bodkin Arrow
26:00 Bow Saw
26:18 Elite Skirmisher
36:04 Heavy Plow
36:13 Gillnets
36:19 Stone Mining
39:03 Town Watch
羅sai
7:48 Loom
10:15 Feudal Age
13:51 Double-Bit Axe
14:50 Gold Mining
17:27 Castle Age
15:21 Horse Collar
15:57 Scale Barding Armor
16:40 Bloodlines
17:58 Forging
26:26 Wheelbarrow
28:38 Fletching
30:11 Town Watch
30:39 Stone Mining
36:13 Bodkin Arrow
38:26 Bow Saw
Lord San
9:43 Feudal Age
7:58 Loom
10:17 Double-Bit Axe
16:34 Fletching
17:42 Wheelbarrow
21:21 Castle Age
20:45 Padded Archer Armor
21:34 Gold Mining
22:02 Bodkin Arrow
21:29 Crossbowman
23:01 Bow Saw
24:01 Horse Collar
25:40 Heavy Plow
25:47 Thumb Ring
26:51 Leather Archer Armor
28:32 Town Watch
29:03 Hand Cart
31:20 Ballistics
38:25 Imperial Age
39:44 Bracer
40:47 Chemistry
Godo Suller
6:57 Loom
9:12 Feudal Age
9:56 Double-Bit Axe
14:13 Fletching
16:23 Padded Archer Armor
24:01 Castle Age
24:42 Bodkin Arrow
24:09 Crossbowman
25:16 Bow Saw
25:34 Leather Archer Armor
30:39 Horse Collar
35:27 Thumb Ring
36:30 Town Watch
38:03 Wheelbarrow
17Brunaska
6:09 Loom
6:22 Loom
9:13 Feudal Age
18:52 Scale Barding Armor
22:49 Castle Age
20:44 Horse Collar
21:20 Gold Mining
25:02 Wheelbarrow
24:29 Heavy Plow
24:17 Double-Bit Axe
25:10 Husbandry
29:18 Bloodlines
31:22 Gold Shaft Mining
36:23 Bow Saw
36:21 Town Watch
Connection lost

Rejoining the realm…

Still unreachable

The connection could not be restored.

Session expired

The server has moved on; the page needs a fresh start.